 Dungeon Crawl Stone Soup version 0.26-a0-651-gb41185065b (webtiles) character file.

Game seed: 13964392674057617192

240 Irenicus the Geomancer (level 5, 18/42 HPs)
             Began as a Deep Dwarf Earth Elementalist on Oct 6, 2020.
             Quit the game on level 4 of the Dungeon.
             The game lasted 00:08:02 (1072 turns).

Irenicus the Geomancer (DDEE)                       Turns: 1072, Time: 00:08:03

Health: 18/42      AC:  7    Str: 16 (18) XL:     5   Next: 80%
Magic:  1/6        EV: 11    Int: 15 (16) God:
Gold:   139        SH:  0    Dex: 12 (13) Spells: 4/7 levels left

rFire    . . .     SeeInvis .   n - +2 dagger (venom)
rCold    . . .     Faith    .   (no shield)
rNeg     . . .     Spirit   .   h - +0 ring mail
rPois    .         Reflect  .   (no helmet)
rElec    .         Harm     .   (no cloak)
rCorr    .         Rampage  .   (no gloves)
MR       .....                  i - +1 pair of boots
Stlth    +.........             (no amulet)
HPRegen  0.00/turn              e - +6 ring of strength
MPRegen  0.10/turn              (no ring)

@: non-regenerating
A: damage resistance, heal wounds, sense surroundings 1, no regeneration
a: Heal Wounds


You were on level 4 of the Dungeon.
You visited 1 branch of the dungeon, and saw 4 of its levels.

You collected 139 gold pieces.

Inventory:

Hand Weapons
 n - a +2 dagger of venom (weapon)
   (You found it on level 2 of the Dungeon)
Missiles
 b - 42 stones (quivered)
Armour
 h - a +0 ring mail (worn)
   (You found it on level 1 of the Dungeon)
 i - a +1 pair of boots (worn)
   (You found it on level 1 of the Dungeon)
Jewellery
 e - a +6 ring of strength (left hand)
   (You found it on level 2 of the Dungeon)
 k - an uncursed ring of fire {rF+, rC-}
   (You found it on level 1 of the Dungeon)
Scrolls
 d - a scroll of enchant weapon
 f - a scroll of identify
 g - a scroll of teleportation
 m - 2 scrolls of remove curse
 p - 2 scrolls of fear
Potions
 a - a potion of haste


   Skills:
 - Level 2.1 Dodging
 - Level 2.4 Stealth
 - Level 1.7 Spellcasting
 - Level 0.8 Transmutations
 + Level 8.7 Earth Magic


You had 4 spell levels left.
You knew the following spells:

 Your Spells              Type           Power        Failure   Level
a - Sandblast             Erth           ####..       1%          1
w - Passwall              Tmut/Erth      ###.....     9%          2

Your spell library contained the following spells:

 Spells                   Type           Power        Failure   Level
 Stone Arrow              Conj/Erth      ##....       22%         3
 Petrify                  Tmut/Erth      ###.....     52%         4
 Lee's Rapid Deconstruct  Erth           ####......   32%         5


Dungeon Overview and Level Annotations

Branches:
Dungeon (4/15)
 Temple: D:4-7

Altars:
Cheibriados
Dithmenos
Kikubaaqudgha
Trog


Innate Abilities, Weirdness & Mutations

You are resistant to damage.
You can heal yourself by infusing magical energy.
You passively map a small area around you.
You do not regenerate.


Message History

You feel a strange sense of stasis.
It was a scroll of teleportation.
As you read the scroll labeled NATORGH LIUROROPRO, it crumbles to dust.
It is a scroll of identify.
m - 2 scrolls of remove curse
As you read the scroll labeled WIEBLI CEVVE, it crumbles to dust.
You hear a loud clanging noise!
It was a scroll of noise.
You hear a shout! x3
As you read the scroll labeled RUTSIP SUXT, it crumbles to dust.
You assume a fearsome visage.
Nothing appears to happen.
It was a scroll of fear.
You start resting.
You feel yourself slow down.
You start resting.
A gnoll comes into view. It is wielding a +0 club.
Unknown command.
Casting: Sandblast (safe; 1% risk of failure)
Confirm with . or Enter, or press ? or * to list all spells.
Aiming: Sandblast (safe; 1% risk of failure)
Press: ? - help, Shift-Dir - straight line, f - gnoll
Aim: a gnoll, wielding a +0 club The blast of sand hits the gnoll!
The gnoll is almost dead.
b - 44 stones A gnoll comes into view. It is wielding a +0 spear.
You now have 0/7 mp.
Casting: Sandblast (safe; 1% risk of failure)
Confirm with . or Enter, or press ? or * to list all spells.
You don't have enough magic to cast that spell.
Unknown command.
You closely miss the gnoll.
The gnoll is almost dead.
A gnoll comes into view.
The gnoll hits you with a +0 club.
* * * LOW HITPOINT WARNING * * *
You take 2 damage, and have 8/63 hp.
You hit the gnoll.
You kill the gnoll!
A gnoll comes into view.
You hit the gnoll.
The gnoll is poisoned.
The gnoll is lightly wounded.
The gnoll barely misses you. The gnoll hits you but does no damage.
You hit the gnoll.
The gnoll looks as sick as possible!
The gnoll is lightly wounded.
The gnoll hits you but does no damage. x2
You barely miss the gnoll.
The gnoll is heavily wounded.
The gnoll barely misses you. The gnoll hits you but does no damage.
You hit the gnoll but do no damage.
The gnoll looks as sick as possible!
The gnoll is severely wounded.
Your transformation is almost over.
The gnoll hits you but does no damage. x2
You closely miss the gnoll.
The gnoll is almost dead.
You kill the gnoll!
The gnoll hits you but does no damage.
Casting: Sandblast (safe; 1% risk of failure)
Confirm with . or Enter, or press ? or * to list all spells.
Aiming: Sandblast (safe; 1% risk of failure)
Press: ? - help, Shift-Dir - straight line, f - gnoll
Aim: a gnoll, wielding a +0 spear The blast of sand hits the gnoll!
The gnoll is severely wounded.
b - 43 stones The gnoll barely misses you.
You now have 0/7 mp.
The gnoll hits you but does no damage.
The gnoll hits you from afar with a +0 spear.
* * * LOW HITPOINT WARNING * * *
You take 1 damage, and have 7/63 hp.
The gnoll completely misses you.
Casting: Sandblast (safe; 1% risk of failure)
Confirm with . or Enter, or press ? or * to list all spells.
Aiming: Sandblast (safe; 1% risk of failure)
Press: ? - help, Shift-Dir - straight line, f/p - gnoll
Aim: a gnoll, wielding a +0 spear (severely wounded)
The blast of sand hits the gnoll!
You kill the gnoll!
b - 42 stones You now have 0/7 mp.
You closely miss the gnoll.
You feel less wooden.
Your +1 pair of boots unmelds from your body.
Your +0 ring mail unmelds from your body.
The gnoll hits you.
You now have 5/42 hp.
You hit the gnoll.
The gnoll is poisoned.
The gnoll is heavily wounded.
The gnoll barely misses you.
You hit the gnoll.
You kill the gnoll!
You feel your intelligence returning.
Items here: ))) [ †††.
You see here a +0 spear.
Okay, then.
You fail to use your ability.
Your magical essence is drained by the effort!
You feel much better.
You regained 13 hp, and now have 18/42 hp.
Are you sure you want to abandon this character and quit the game? (Confirm with "yes".)

, #...# ,, , *
######### #...# , ,
........# #†).# ,
#######.####...## *
*,
#................ ,
,##.##..#.####...##
,, , # #......#.#
#####
#####.#####)##.# ,
.......@....)..#
.####.#####)#### ,
,.#.........# , *
.........#.# *,
.....#.##.# ,
.....#....# * *
####*#.#### ,*
#.#############
#..............


There were no monsters in sight!

Vanquished Creatures
  A hound (D:4)
  A centaur skeleton (D:4)
  2 orc wizards (D:4)
  4 gnolls (D:4)
  2 adders
  An ooze (D:4)
  2 worms (D:2)
  A dart slug (D:3)
  2 leopard geckos
  7 orcs (D:4)
  4 bats
  3 giant cockroaches
  5 goblins
  5 hobgoblins
  4 jackals
  6 frilled lizards
  3 kobolds
  4 rats (D:1)
57 creatures vanquished.

Notes
Turn   | Place    | Note
-------+----------+-------------------------------------------
     0 | D:1      | Irenicus the Deep Dwarf Earth Elementalist began the quest
                  | for the Orb.
     0 | D:1      | Reached XP level 1. HP: 15/15 MP: 3/3
    56 | D:1      | Found a snail-covered altar of Cheibriados.
   184 | D:1      | Reached XP level 2. HP: 20/22 MP: 2/4
   217 | D:1      | Reached skill level 5 in Earth Magic
   432 | D:2      | Found an ancient bone altar of Kikubaaqudgha.
   434 | D:2      | Found a bloodstained altar of Trog.
   469 | D:2      | Reached XP level 3. HP: 14/28 MP: 1/5
   534 | D:2      | Reached skill level 6 in Earth Magic
   568 | D:2      | Learned a level 2 spell: Passwall
   746 | D:3      | Reached XP level 4. HP: 11/36 MP: 1/6
   786 | D:4      | Reached skill level 7 in Earth Magic
   879 | D:4      | Found a shadowy altar of Dithmenos.
   975 | D:4      | Reached XP level 5. HP: 11/42 MP: 4/7
   987 | D:4      | HP: 9/42 [orc wizard/puff of flame (2)]
   988 | D:4      | HP: 3/42 [orc wizard/puff of flame (6)]
   997 | D:4      | Reached skill level 8 in Earth Magic
  1045 | D:4      | HP: 8/63 [gnoll/+0 club (2)]
  1057 | D:4      | HP: 7/63 [gnoll/+0 spear (1)]
  1072 | D:4      | Quit the game

Illustrated notes

Levels and vault maps discovered:
D:1:      nzn_arrival_water_spiral, layout_basic, serial_forest,
          infiniplex_forest_clump_curved, infiniplex_forest_clump_double,
          infiniplex_forest_clump_tiny, infiniplex_forest_lined_room_2,
          infiniplex_forest_diagonal, infiniplex_forest_lined_room_,
          cheibriados_altar_1
D:2:      layout_rooms, nicolae_overflow_hidden_temple
D:3:      layout_basic, lemuel_crystal_altar, uniq_jessica
D:4:      layout_basic, nicolae_overflow_crystal_walls, portal_sewer_entry_f

Skill      XL: |  1  2  3  4  5 |
---------------+----------------+-----
Earth Magic    | 5 6 7 8 |  8.7
Dodging        | |  2.1
Stealth        | |  2.4
Spellcasting   | |  1.7
Transmutations | |  0.8

Action                   |  1- 3 |  4- 6 || total
-------------------------+-------+-------++-------
Melee: Club              |    30 |       ||    30
       Unarmed           |     5 |       ||     5
       Dagger            |    12 |    28 ||    40
 Cast: Sandblast         |    42 |    21 ||    63
       Passwall          |     4 |     1 ||     5
 Abil: Heal Wounds       |       |     1 ||     1
  Use: Scroll            |       |     6 ||     6
       Potion            |       |     4 ||     4
 Stab: Sleeping          |     2 |     1 ||     3
Armor: Ring mail         |    24 |     5 ||    29
       Skin              |       |    11 ||    11
Dodge: Dodged            |    37 |    18 ||    55

Table legend: (Time is in decaauts)
 A = Elapsed time spent in this place.
 B = Non-inter-level travel time spent in this place.
 C = Inter-level travel time spent in this place.
 D = Time resting spent in this place.
 E = Time spent auto-exploring this place.
 F = Levels seen in this place.
 G = Mean time per level.
                   A        B        C        D        E       F      G
               +--------+--------+--------+--------+--------+-----+--------+
         Total |   1065 |   1065 |      0 |      2 |      0 |   4 |  266.2 |
       Dungeon |   1065 |   1065 |      0 |      2 |      0 |   4 |  266.2 |
               +--------+--------+--------+--------+--------+-----+--------+

Top non-repeatable levels by time:
     D:2: 337 daAuts
     D:1: 335 daAuts
     D:4: 297 daAuts
     D:3: 94 daAuts

Table legend:
 A = Kills in this place as a percentage of kills in entire the game.
 B = Kills by you in this place as a percentage of kills by you in the entire game.
 C = Kills by friends in this place as a percentage of kills by friends in the entire game.
 D = Other kills in this place as a percentage of other kills in the entire game.
 E = Experience gained in this place as a percentage of experience gained in the entire game.
 F = Experience gained in this place divided by the number of levels of this place that you have seen.
                   A       B       C       D       E      F
               +-------+-------+-------+-------+-------+----------------------
         Total | 100.0 | 100.0 |   N/A |   N/A | 100.0 |  86.0
       Dungeon | 100.0 | 100.0 |   N/A |   N/A | 100.0 |  86.0
               +-------+-------+-------+-------+-------+----------------------
